 Dungeon Crawl Stone Soup version 0.29-a0-409-gd843f3a48c (webtiles) character file.

Game seed: 7672955082729699981

624 runemasterragnar the Slasher (level 7, -5/48 HPs)
             Began as an Octopode Fighter on May 14, 2022.
             Killed from afar by an orc wizard (13 damage)
             ... with a puff of flame
             ... on level 5 of the Dungeon.
             The game lasted 00:07:12 (5323 turns).

runemasterragnar the Slasher (Octopode Fighter)     Turns: 5323, Time: 00:07:13

Health: -5/48      AC:  1    Str: 15    XL:     7   Next: 47%
Magic:  7/7        EV: 13    Int: 13    God:
Gold:   1058       SH:  5    Dex: 11    Spells: 6/6 levels left

rFire   . . .      SeeInvis .   a - +0 long sword
rCold   . . .      Faith    .   b - +1 buckler
rNeg    . . .      Spirit   .   g - +0 hat
rPois   .          Reflect  .   (no amulet)
rElec   .          Harm     .   (no ring)
rCorr   .          Rampage  .   (no ring)
Will    .....                   (no ring)
Stlth   +++.......              (no ring)
HPRegen 0.16/turn               (no ring)
MPRegen 0.10/turn               (no ring)
                                (no ring)
                                (no ring)

@: hasted, very quick
A: almost no armour, amphibious, 8 rings, camouflage 1, gelatinous body 1,
(nimble swimmer 1), tentacles
a: no special abilities


You were on level 5 of the Dungeon.
You visited 1 branch of the dungeon, and saw 6 of its levels.

You collected 1058 gold pieces.

Inventory:

Hand Weapons
 a - a +0 long sword (weapon)
 k - a +2 short sword of venom
Armour
 b - a +1 buckler (worn)
 g - a +0 hat (worn)
Jewellery
 p - a ring of positive energy
Scrolls
 d - a scroll of noise
 e - a scroll of enchant armour
 f - a scroll of blinking
 n - a scroll of amnesia
 o - 2 scrolls of fog
Potions
 c - a potion of might
 h - a potion of attraction
 i - a potion of ambrosia
 j - a potion of brilliance


   Skills:
 + Level 4.2 Fighting
 * Level 4.6 Long Blades
 + Level 4.0 Dodging
 + Level 3.9 Stealth
 + Level 4.2 Shields
 + Level 2.5 Unarmed Combat


You had 6 spell levels left.
You didn't know any spells.
Your spell library contained the following spells:

 Spells                   Type           Power      Damage    Failure   Level
 Foxfire                  Conj/Fire      0%         2x1d4     36%         1
 Conjure Flame            Conj/Fire      0%         6-21      75%         3
 Ignite Poison            Fire/Tmut/Pois 0%         N/A       75%         3
 Inner Flame              Hex/Fire       0%         N/A       75%         3
 Flame Wave               Conj/Fire      0%         2d4       98%         4
 Sticky Flame             Conj/Fire      0%         2d3       98%         4
 Simulacrum               Ice/Necr       0%         N/A       100%        6


Dungeon Overview and Level Annotations

Branches:
Dungeon (6/15)
 Temple: D:4-7

Altars:
Ashenzari
Makhleb
Qazlal
Trog
Wu Jian

Shops:
D:2 :

Annotations:
D:3 2 transporters, slippy's ghost, amateur DrTm


Innate Abilities, Weirdness & Mutations

You cannot wear most types of armour.
You are amphibious.
You can wear up to eight rings at the same time.
Your skin changes colour to match your surroundings (Stealth+).
Your rubbery body absorbs attacks. (AC +1, EV +1)
((You are camouflaged when in or above water. (Stealth+)))
You have tentacles for arms and can constrict up to eight enemies at once.


Message History

The phantom hits you!
* * * LOW HITPOINT WARNING * * *
The phantom blinks!
You blink.
It was a potion of haste.
You feel yourself speed up. You block the phantom's attack.
Okay, then.
Your +2 short sword of venom stops dripping with poison.
a - a +0 long sword (weapon)
You closely miss the phantom. You squeeze the phantom.
The phantom is severely damaged.
The phantom hits you.
* * * LOW HITPOINT WARNING * * *
The phantom blinks!
You blink.
You slash the phantom!
You destroy the phantom!
There is a stone staircase leading down here.
You start resting.
An orc wizard is nearby!
An orc wizard is nearby!
You climb downwards.
Found a robe and 2 potions of haste.
Found a broken altar of Ashenzari.
Found an escape hatch in the floor.
Found a stone staircase leading down.
There is a stone staircase leading up here.
Unknown command.
You climb upwards.
There is a stone staircase leading down here.
You closely miss the orc wizard. You grab the orc wizard.
You constrict the orc wizard, but do no damage.
The orc wizard hits you with a +0 dagger.
* * * LOW HITPOINT WARNING * * *
The orc shouts!
You slash the orc wizard!
The orc wizard is severely wounded.
You constrict the orc wizard. You block the orc wizard's attack.
The orc wizard shouts!
You hit the orc wizard.
You kill the orc wizard!
The orc wizard points at you and mumbles some strange words.
The puff of flame hits you!
You die...

# #.#.#### #.#.#.# . #. #.#†#
#.....> ..#.##...# ###.###
.....#..## #.# #
#.......############.###
#................##(..##
###.....#.............#.##
#...o..##>.#######.##...##
###.......)@..# #.#######
.....#######.# ##.######.
.#####..#######.# #.........
..............#.#####..######.
#######.#####..........#######
...# ###.##............ #####
#.##..#####.#### #.##..#
#.#### #.##..# #.....


You could see an orc wizard.

Vanquished Creatures
  Sigmund (D:3)
  A phantom (D:5)
  A necrophage (D:5)
  A hound (D:5)
  2 orc priests (D:4)
  A jelly (D:5)
  2 iguanas
  2 orc wizards
  5 adders
  A worm (D:4)
  3 dart slugs
  7 orcs
  4 ball pythons
  3 endoplasms
  9 goblins
  4 hobgoblins
  8 jackals (D:2)
  10 kobolds
  2 quokkas (D:2)
  3 bats
  2 frilled lizards
  8 rats
80 creatures vanquished.

Notes
Turn   | Place    | Note
-------+----------+-------------------------------------------
     0 | D:1      | runemasterragnar the Octopode Fighter began the quest for
                  | the Orb.
     0 | D:1      | Reached XP level 1. HP: 16/16 MP: 1/1
   260 | D:1      | Reached XP level 2. HP: 19/21 MP: 2/2
  1404 | D:2      | Reached XP level 3. HP: 25/26 MP: 3/3
  1458 | D:2      | Reached skill level 1 in Stealth
  1743 | D:2      | Reached skill level 1 in Unarmed Combat
  1911 | D:2      | Reached XP level 4. HP: 30/31 MP: 4/4
  2017 | D:2      | Found Kophatz's Book Shoppe.
  2543 | D:3      | Found an ornate altar of the Wu Jian Council.
  2558 | D:4      | Reached XP level 5. HP: 19/36 MP: 5/5
  2920 | D:3      | Found a transporter.
  2923 | D:3      | Found a transporter.
  2925 | D:3      | Noticed slippy's ghost (amateur DrTm)
  2935 | D:3      | Found a faded altar of an unknown god.
  3094 | D:3      | Noticed Sigmund
  3100 | D:3      | Killed Sigmund
  3101 | D:3      | Reached XP level 6. HP: 43/43 MP: 6/6
  3106 | D:3      | Found a burning altar of Makhleb.
  3724 | D:4      | Found a stormy altar of Qazlal.
  3907 | D:4      | Identified a scroll of acquirement
  3907 | D:4      | Acquired 848 gold pieces
  4137 | D:5      | Entered Level 5 of the Dungeon
  5029 | D:5      | Reached XP level 7. HP: 48/48 MP: 7/7
  5046 | D:5      | Got Guonk's Catalogue of Ice and the Blaze
  5067 | D:5      | Found a bloodstained altar of Trog.
  5312 | D:6      | Found a broken altar of Ashenzari.
  5323 | D:5      | Killed from afar by an orc wizard

Illustrated notes

Levels and vault maps discovered:
D:1:      heliophobic_arrival_dark_side_of_the_moon, layout_loops_ring
D:2:      kennysheep_the_goblin_king, layout_basic, serial_shops, shop
D:3:      layout_basic, mainiacjoe_overflow_24_doors, nzn_wu_jian_contemplation,
          basic_ecumenical_altar, gammafunk_ghost_mausoleum, uniq_sigmund
D:4:      layout_basic, nicolae_qazlal_scattered_showers, corexii_checkpoint_a
D:5:      layout_loops_ring, mainiacjoe_overflow_brackets
D:6:      layout_gridville, vehumet_crystals, ashenzari_altar_1

Skill      XL: |  1  2  3  4  5  6  7 |
---------------+----------------------+-----
Stealth        | 1 2 3 |  3.9
Unarmed Combat | 1 2 |  2.5
Long Blades    | 3 4 |  4.6
Fighting       | 4 |  4.2
Shields        | 4 |  4.2
Dodging        | 4 |  4.0

Action                   |  1- 3 |  4- 6 |  7- 9 || total
-------------------------+-------+-------+-------++-------
Melee: Long sword        |    67 |    64 |     5 ||   136
       Constrict         |    12 |    19 |     2 ||    33
       Tentacles         |     7 |    16 |     6 ||    29
       Punch             |     1 |     2 |       ||     3
       Unarmed           |       |     8 |       ||     8
       Short sword       |       |    10 |    20 ||    30
  Use: Potion            |       |     4 |     1 ||     5
       Scroll            |       |    11 |     1 ||    12
 Stab: Sleeping          |     6 |     4 |       ||    10
Armor: Skin              |     3 |    12 |     3 ||    18
Dodge: Dodged            |    31 |    46 |    11 ||    88
Block: Buckler           |    15 |    22 |     7 ||    44

Table legend: (Time is in decaauts)
 A = Elapsed time spent in this place.
 B = Non-inter-level travel time spent in this place.
 C = Inter-level travel time spent in this place.
 D = Time resting spent in this place.
 E = Time spent auto-exploring this place.
 F = Levels seen in this place.
 G = Mean time per level.
                   A        B        C        D        E       F      G
               +--------+--------+--------+--------+--------+-----+--------+
         Total |   5351 |   5247 |    104 |   1300 |   3149 |   6 |  891.8 |
       Dungeon |   5351 |   5247 |    104 |   1300 |   3149 |   6 |  891.8 |
               +--------+--------+--------+--------+--------+-----+--------+

Top non-repeatable levels by time:
     D:4: 1861 daAuts
     D:1: 1366 daAuts
     D:2: 895 daAuts
     D:3: 670 daAuts
     D:5: 557 daAuts
     D:6: 1 daAuts
